Unix xNetHack Version 7.1.0 - last build Jul 4 2022 02:09:00 (ec8469f2eb63cac24863ec985b09651f3a72bf9f). Game began 2022-07-06 14:35:08, ended 2022-07-06 15:24:31. Raisse, neutral female gnomish Wizard ------ |....| --------- #.....|# |...f.[.| #|..+.-[ |..G..(.| ##|....|# |........# # ------ ------|-- # # # # # ## # # -----------# # ..........|# # |.........|# -.--- |.........|# |..<| |.........|# |....# # |.........|# |*..| #####..........-# |..[.#### ----------- ----- Raisse the Conjurer St:12 Dx:12 Co:14 In:16 Wi:11 Ch:13 Neutral Dlvl:5 $:0 HP:0(32) Pw:56(56) AC:10 Xp:5/319 T:10972 Fainting Latest messages: Poes misses Raisse's ghost. Poes misses Raisse's ghost. Poes misses Raisse's ghost. Poes misses Raisse's ghost. Poes misses Raisse's ghost. You finish your prayer. The voice of Thoth booms out: "Thou art arrogant, mortal." "Thou must relearn thy lessons!" You feel more foolish! Goodbye level 7. Are you sure you want to pray? [yn] (n) y You begin praying to Thoth. Poes misses Raisse's ghost. Poes misses Raisse's ghost. Poes misses Raisse's ghost. Poes misses Raisse's ghost. You finish your prayer. You feel that Thoth is displeased. Are you waiting to get hit? Are you sure you want to pray? [yn] (n) y You begin praying to Thoth. Poes misses Raisse's ghost. Poes' attack passes harmlessly through Raisse's ghost. Raisse's ghost misses Poes. Poes misses Raisse's ghost. Raisse's ghost fades from view. Poes misses it. Poes misses it. You finish your prayer. The voice of Thoth booms out: "Thou art arrogant, mortal." "Thou must relearn thy lessons!" You feel more foolish! Goodbye level 6. Are you sure you want to pray? [yn] (n) y You begin praying to Thoth. Poes' attack passes harmlessly through it. It misses Poes. Poes misses it. Poes drops an uncursed stone called luck. Poes misses it. Poes' attack passes harmlessly through it. It misses Poes. You finish your prayer. The voice of Thoth rings out: "Thou hast angered me." Suddenly, a bolt of lightning strikes you! You fry to a crisp! Do you want your possessions identified? [ynq] (y) y Do you want to see your attributes? [ynq] (y) q Major events: Turn 1: Raisse the neutral female gnomish Wizard entered the dungeon 458: attained the rank of Conjurer (level 3) 4656: entered the Gnomish Mines 4790: reached Mine Town 5652: attained the rank of Thaumaturge (level 6) 7135: bestowed with Magicbane by Thoth 10972: killed by the wrath of Thoth Inventory: Inventory: 25/700 weight (1/52 slots) Amulets I - an uncursed silver amulet of unchanging {25} Raisse the Wizard's attributes: Background: You were a Conjurer, a level 5 female gnomish Wizard. You were neutral, on a mission for Thoth who was opposed by Ptah (lawful) and Anhur (chaotic). You were bisexual. You were in the Dungeons of Doom, on level 5. You entered the dungeon 10972 turns ago. You had 319 experience points, 1 more was needed to attain level 6. Basics: You had 0 out of 32 hit points. You had all 56 energy points (spell power). Your armor class was 10. Your wallet was empty. Autopickup was on for '$!?/"=+' plus thrown, with exceptions. Final Characteristics: Your strength was 12 (base:13, limit:18/50). Your dexterity was 12 (limit:18). Your constitution was 14 (peak:15, limit:18). Your intelligence was 16 (limit:19). Your wisdom was 11 (peak:13, limit:18). Your charisma was 13 (limit:18). Final Status: You were fainting due to starvation. You were unencumbered. You were bare handed. You were unskilled in bare handed combat. You were not wearing any armor. Final Attributes: You were piously aligned. You were sleep resistant. You were telepathic. You had infravision. You were extremely unlucky. Thoth was very angry with you. You are dead. Miscellaneous: You encountered 1 bones level. Total elapsed playing time was 49 minutes and 22 seconds. Vanquished creatures: a small mimic a chameleon a lynx an iron piercer 2 dogs a housecat a dust vortex a raven 2 Woodland-elves a soldier ant an imp a wood nymph a bugbear 8 Mordor orcs a rock piercer 3 rock moles a yellow light 2 gray oozes 2 straw golems 3 floating eyes 2 dwarves a homunculus 3 kobold leaders a kobold shaman 3 rothes a centipede a giant bat 2 dwarf zombies a wererat 6 iguanas 3 acid blobs 5 hobbits 4 manes a hobgoblin 5 giant rats 3 cave spiders a brown mold a red mold 4 gnomes 3 garter snakes 4 geckos 3 jackals 6 goblins 6 sewer rats 3 grid bugs a bat 11 lichens a kobold zombie 13 newts 134 creatures vanquished. No species were genocided or became extinct. Voluntary challenges: You read items or engraved 4 times. You never genocided any monsters. You never polymorphed an object. You never changed form. You used no wishes. You were celibate. You never generated conflict. Achievements: You attained the rank of Conjurer. You entered a shop. You entered the Gnomish Mines. You entered Minetown. You entered a temple. You attained the rank of Thaumaturge. The Dungeons of Doom: levels 1 to 5 Level 1: Level 2: An altar to Thoth. Level 3: A jewelry shop, a sink. Stairs down to The Gnomish Mines. Level 4: A tree. Level 5: <- You were here. A grave. Final resting place for you, killed by the wrath of Thoth, Raisse-Wiz-Gno-Fem-Neu, killed by a wererat. The Gnomish Mines: levels 4 to 7 Level 4: Level 5: Level 6: Many shops, a temple to Thoth, some fountains. Level 7: Game over: __________ / \ / REST \ / IN \ / PEACE \ / \ | Raisse | | 0 Au | | killed by the | | wrath of Thoth | | | | | | 2022 | *| * * * | * _________)/\\_//(\/(/\)/\//\/|_)_______ Goodbye Raisse the Wizard... You died in The Dungeons of Doom on dungeon level 5 with 3954 points, and 0 pieces of gold, after 10972 moves. You were level 5 with a maximum of 32 hit points when you died.